 Dungeon Crawl Stone Soup version 0.30-a0-476-g330ca2eb8e (webtiles) character file.

Game seed: 3673966234825217392

13 Jase the Covered (level 2, -1/26 HPs)
             Began as an Armataur Fighter on Dec 22, 2022.
             Succumbed to an adder's poison
             ... on level 2 of the Dungeon.
             The game lasted 00:01:17 (250 turns).

Jase the Covered (Armataur Fighter)                  Turns: 250, Time: 00:01:18

Health: -1/26      AC:  7    Str: 21    XL:     2   Next: 24%
Magic:  2/2        EV:  7    Int:  8    God:
Gold:   4          SH:  0    Dex:  9    Spells: 1/1 levels left

rFire   . . .      SeeInvis .    a - +0 flail
rCold   . . .      Faith    .    (no shield)
rNeg    . . .      Spirit   .    b - +0 scale mail
rPois   .          Reflect  .    (no helmet)
rElec   .          Harm     .    (no cloak)
rCorr   .          Roll     +    (no gloves)
Will    .....                    (no barding)
Stlth   ..........               (no amulet)
HPRegen 0.24/turn                (no ring)
MPRegen 0.08/turn                (no ring)

@: lethally poisoned (-1 -> -5), flying, invisible
A: large, rugged brown scales 3, deformed body, armoured tail, roll, long
tongue, awkward tongue
a: no special abilities


You were on level 2 of the Dungeon.
You visited 1 branch of the dungeon, and saw 2 of its levels.

You collected 4 gold pieces.

Inventory:

Hand Weapons
 a - a +0 flail (weapon)
Missiles
 e - 7 stones (quivered)
 h - 3 javelins
Armour
 b - a +0 scale mail (worn)
Scrolls
 f - a scroll of blinking {unknown}
Potions
 d - 2 potions of might


   Skills:
 - Level 2.6 Fighting
 + Level 2.2 Maces & Flails
 + Level 4.1 Armour
 - Level 3.2 Shields


You had one spell level left.
You didn't know any spells.
Your spell library was empty.

Dungeon Overview and Level Annotations

Branches:
Dungeon (1/15)

Altars:


Innate Abilities, Weirdness & Mutations

You are completely covered in rugged brown scales. (AC +3, +7% HP)
Armour fits poorly on your strangely shaped body.
You have a long armoured tail.
You roll when moving toward enemies. (Rampage)
Your long tongue fully drains potion bottles. (2x potion effects)
Your tongue gives you trouble enunciating. (1.5x scroll delay)


Message History

The adder is lightly wounded.
The adder bites you. The hobgoblin barely misses you.
The adder bites you but does no damage.
You hit the adder.
The adder is moderately wounded.
The hobgoblin hits you. The adder bites you. The hobgoblin closely misses you.
The adder barely misses you.
You closely miss the adder.
The adder is moderately wounded.
The adder barely misses you.
The hobgoblin hits you but does no damage.
You miss the adder.
Your tail-slap misses the adder.
The adder is moderately wounded.
The adder bites you but does no damage.
The hobgoblin hits you but does no damage.
The adder bites you.
You are poisoned.
The adder poisons you!
You closely miss the adder.
The adder is moderately wounded.
You feel sick. The hobgoblin hits you.
* * * LOW HITPOINT WARNING * * *
The adder bites you.
* * * LOW HITPOINT WARNING * * *
You are lethally poisoned!
The adder poisons you! The hobgoblin hits you.
* * * LOW HITPOINT WARNING * * *
The adder barely misses you.
Unknown command.
You slurp down every last drop of the sedimented orange potion!
It was a potion of flight.
You feel very buoyant.
You fly up into the air.
* * * LOW HITPOINT WARNING * * *
You feel sick. The adder bites you but does no damage.
The hobgoblin barely misses you.
You slurp down every last drop of the sapphire potion!
It was a potion of invisibility.
You fade into invisibility!
You die...

#########
........# #
######.####
###..###g........#
.......BS@.....#.#
.......######..#.#
###..#. #..#.# #.
#S #..#.# # #.
#..#.# .? #..#.#
## ###..#.#
#.#...#.#
#...###.# ###


You could see an adder (unable to see you), a giant cockroach (unable to see
you) and a hobgoblin (unable to see you).

Vanquished Creatures
  2 endoplasms (D:2)
  2 goblins (D:2)
  A hobgoblin (D:2)
  3 kobolds (D:2)
  A ball python (D:2)
  2 frilled lizards (D:2)
  A rat (D:2)
12 creatures vanquished.

Notes
Turn   | Place    | Note
-------+----------+-------------------------------------------
     0 | D:1      | Jase the Armataur Fighter began the quest for the Orb.
     0 | D:1      | Reached XP level 1. HP: 19/19 MP: 1/1
    19 | D:1      | You fall into a shaft and drop 1 floor!
   123 | D:2      | Reached skill level 4 in Armour
   124 | D:2      | Reached XP level 2. HP: 26/26 MP: 2/2
   249 | D:2      | HP: 1/26 [poisoned by an adder]
   250 | D:2      | Succumbed to an adder's poison

Illustrated notes

Levels and vault maps discovered:
D:1:      tarquinn_simple_flora_water_e, layout_loops_ring, serial_park_tiny_1
D:2:      layout_loops_ring

Skill      XL: |  1 |
---------------+----+-----
Maces & Flails | 2 |  2.2
Armour         | 4 |  4.1
Fighting       | |  2.6
Shields        | |  3.2

Action                   || total
-------------------------++-------
Melee: Flail             ||    52
       Tailslap          ||     1
  Use: Potion            ||     2
Armor: Scale mail        ||    43
Dodge: Dodged            ||    28

Table legend: (Time is in decaauts)
 A = Elapsed time spent in this place.
 B = Non-inter-level travel time spent in this place.
 C = Inter-level travel time spent in this place.
 D = Time resting spent in this place.
 E = Time spent auto-exploring this place.
 F = Levels seen in this place.
 G = Mean time per level.
                   A        B        C        D        E       F      G
               +--------+--------+--------+--------+--------+-----+--------+
         Total |    265 |    265 |      0 |     45 |    106 |   2 |  132.5 |
       Dungeon |    265 |    265 |      0 |     45 |    106 |   2 |  132.5 |
               +--------+--------+--------+--------+--------+-----+--------+

Top non-repeatable levels by time:
     D:2: 246 daAuts
     D:1: 19 daAuts
